 Dungeon Crawl Stone Soup version 0.31-a0-981-geadf994542 (webtiles) character file.

Game seed: 1637239363704020378

218 Whiskey the Changeling (level 5, -3/33 HPs)
             Began as an Octopode Shapeshifter on Nov 2, 2023.
             Slain by an orc
             ... wielding a +0 dagger
              (5 damage)
             ... on level 4 of the Dungeon.
             The game lasted 00:03:20 (2612 turns).

Whiskey the Changeling (Octopode Shapeshifter)      Turns: 2612, Time: 00:03:21

Health: -3/33      AC:  1    Str: 13    XL:     5   Next: 95%
Magic:  5/5        EV: 11    Int: 14    God:
Gold:   224        SH:  7    Dex: 12    Spells: 4/4 levels left

rFire   . .          .
                       - Unarmed
rCold   . . .        m - +0 kite shield
rNeg    . . .        (helmet currently unavailable)
rPois   .            (no amulet)
rElec   .            d - ring of resist corrosion
rCorr   +            (no ring)
SInv    .            (no ring)
Will    .....        (no ring)
Stlth   ++           (no ring)
HPRegen 0.25/turn    (no ring)
MPRegen 0.09/turn    (no ring)
                     (no ring)

%: no passive effects
@: beast-form
A: beast (slay +3), almost no armour, amphibious, 8 rings, camouflage 1,
gelatinous body 1, (nimble swimmer 1), tentacles
a: Begin Untransformation


You were on level 4 of the Dungeon.
You were a hulking beast.
You visited 1 branch of the dungeon, and saw 4 of its levels.

You collected 224 gold pieces.

Inventory:

Hand Weapons
 n - a +0 whip of venom
   (You took it off a kobold on level 3 of the Dungeon)
Armour
 m - a +0 kite shield (worn)
   (You found it on level 3 of the Dungeon)
Jewellery
 d - a ring of resist corrosion (left tentacle)
   (You found it on level 1 of the Dungeon)
Talismans
 b - a beast talisman
 c - a flux talisman
Scrolls
 e - a scroll of acquirement {unknown}
 f - 7 scrolls of identify {unknown}
 h - a scroll of amnesia {unknown}
 q - a scroll of fog {unknown}
 r - a scroll of vulnerability {unknown}
 s - a scroll of enchant weapon {unknown}
 t - a scroll of revelation {unknown}
 u - a scroll of immolation {unknown}
Potions
 a - 2 potions of lignification {!q}
 g - 2 potions of enlightenment {unknown}
 i - 2 potions of invisibility {unknown}
 j - 2 potions of curing
 k - 2 potions of degeneration {unknown}
 l - a potion of haste {unknown}
 o - a potion of mutation {unknown}
 p - a potion of cancellation {unknown}


   Skills:
 - Level 1.0 Fighting
 - Level 2.0 Dodging
 + Level 1.5 Shields
 - Level 3.0 Unarmed Combat
 * Level 5.7 Shapeshifting


You had 4 spell levels left.
You didn't know any spells.
Your spell library contained the following spells:

 Spells                   Type           Power      Damage    Failure   Level
 Freeze                   Ice            0%         1d3       73%         1
 Call Canine Familiar     Summ           0%         N/A       97%         3
 Frozen Ramparts          Ice            0%         1d1       97%         3
 Hailstorm                Conj/Ice       0%         3d3       97%         3
 Sigil of Binding         Hex            0%         N/A       97%         3
 Dimensional Bullseye     Hex/Tloc       0%         N/A       100%        4
 Leda's Liquefaction      Hex/Erth       0%         N/A       100%        4


Dungeon Overview and Level Annotations

Branches:
Dungeon (4/15)
 Temple: D:4-7

Altars:
Cheibriados


Innate Abilities, Weirdness & Mutations

You are a hulking beast.
Your limbs bulge with bestial killing power. (Slay +3)
You cannot wear most types of armour.
You are amphibious.
You can wear up to eight rings at the same time.
Your skin changes colour to match your surroundings (Stealth+).
Your rubbery body absorbs attacks. (AC +1, EV +1)
((You are camouflaged when in or above water. (Stealth+)))
You have tentacles for arms and can constrict up to eight enemies at once.


Message History

You are too injured to fight recklessly!
You are too injured to fight recklessly!
You are too injured to fight recklessly!
You are too injured to fight recklessly!
You are too injured to fight recklessly!
You are too injured to fight recklessly!
You are too injured to fight recklessly!
You are too injured to fight recklessly!
You are too injured to fight recklessly!
You are too injured to fight recklessly!
You are too injured to fight recklessly!
You are too injured to fight recklessly!
You are too injured to fight recklessly!
You are too injured to fight recklessly!
You are too injured to fight recklessly!
You are too injured to fight recklessly!
You are too injured to fight recklessly!
You are too injured to fight recklessly!
You are too injured to fight recklessly!
You are too injured to fight recklessly!
You are too injured to fight recklessly!
You are too injured to fight recklessly!
You are too injured to fight recklessly!
You are too injured to fight recklessly!
You tentacle-slap the orc.
You kill the orc!
Things that are here:
a +0 dagger; a +0 leather armour; an orc corpse
Things that are here:
a +0 dagger; a +0 leather armour; an orc corpse You now have 224 gold pieces (gained 9).
Things that are here:
a +0 dagger; a +0 robe An orc priest comes into view.
It is wielding a +0 hand axe.
The orc priest shouts!
You hear a shout!
The orc priest invokes the aid of Beogh against you.
Beogh smites you!
You regained 3 hp, and now have 19/33 hp.
An orc comes into view. It is wielding a +0 dagger.
An orc comes into view. It is wielding a +0 morningstar.
The orc moves out of view.
There is a stone staircase leading down here.
An orc comes into view. It is wielding a +0 club.
The orc shouts!
You tentacle-slap the orc priest. You grab the orc priest.
You squeeze the orc priest. You constrict the orc priest.
You hear a shout! x2
The orc priest hits you with a +0 hand axe.
An orc comes into view. It is wielding a +0 dagger.
The orc priest invokes the aid of Beogh against you.
Pain shoots through your body!
* * * LOW HITPOINT WARNING * * *
You hear an angry hiss.
You are too injured to fight recklessly!
You are too injured to fight recklessly!
You are too injured to fight recklessly!
You are too injured to fight recklessly!
You are too injured to fight recklessly!
You are too injured to fight recklessly!
You take 18 damage, and have 2/33 hp.
MASSIVE DAMAGE!!
You are too injured to fight recklessly!
You are too injured to fight recklessly!
You are too injured to fight recklessly!
You are too injured to fight recklessly!
You are too injured to fight recklessly!
You are too injured to fight recklessly!
You are too injured to fight recklessly!
You are too injured to fight recklessly!
You are too injured to fight recklessly!
You are too injured to fight recklessly!
You are too injured to fight recklessly!
You are too injured to fight recklessly!
You are too injured to fight recklessly!
You are too injured to fight recklessly!
It was a potion of curing.
You feel better.
You constrict the orc priest, but do no damage.
The orc priest barely misses you.
You regained 11 hp, and now have 13/33 hp.
You tentacle-slap the orc priest.
You kill the orc priest!
The orc hits you with a +0 morningstar.
You take 1 damage, and have 12/33 hp.
You tentacle-slap the orc but do no damage.
You grab the orc.
You constrict the orc, but do no damage.
The orc closely misses you. The orc hits you with a +0 club.
* * * LOW HITPOINT WARNING * * *
You take 3 damage, and have 9/33 hp.
You tentacle-slap the orc. You squeeze the orc.
You kill the orc!
The orc hits you with a +0 club.
* * * LOW HITPOINT WARNING * * *
You take 2 damage, and have 7/33 hp.
You tentacle-slap the orc. You grab the orc. You squeeze the orc.
You kill the orc!
You tentacle-slap the orc. Your grab misses the orc.
The orc hits you with a +0 dagger.
* * * LOW HITPOINT WARNING * * *
The orc hits you with a +0 dagger.
You die...

#..... #....<....###...........
......# ##.........#
#...........
......###.........####....<....
.......##.........##...........
.......#...#....###............
......)#...#######....###.....
.[....).....#####....# ##...
......)......##.....# ###
.........###..>.ho.# ##......##
##...)o#..... #......#
#...##...... ##...###
###......... ##.## ##........
#. ........ #. ........ #.
........


You could see 2 orcs.

Vanquished Creatures
  An orc priest (D:4)
  2 orc wizards
  An iguana (D:4)
  4 adders
  2 dart slugs
  10 orcs
  8 bats
  4 endoplasms
  6 giant cockroaches
  3 goblins
  4 hobgoblins (D:1)
  2 quokkas (D:1)
  6 ball pythons
  6 frilled lizards
  7 kobolds
  2 rats
68 creatures vanquished.

Notes
Turn   | Place    | Note
-------+----------+-------------------------------------------
     0 | D:1      | Whiskey the Octopode Shapeshifter began the quest for the
                  | Orb.
     0 | D:1      | Reached XP level 1. HP: 13/13 MP: 1/1
    50 | D:1      | Reached XP level 2. HP: 10/18 MP: 2/2
   363 | D:1      | Reached XP level 3. HP: 20/23 MP: 3/3
   411 | D:1      | Reached skill level 4 in Shapeshifting
   997 | D:3      | Reached XP level 4. HP: 25/28 MP: 4/4
  1121 | D:3      | HP: 6/28 [orc/+0 club (4)]
  1295 | D:3      | Reached skill level 5 in Shapeshifting
  1856 | D:2      | Reached XP level 5. HP: 33/33 MP: 5/5
  2462 | D:4      | Found a snail-covered altar of Cheibriados.
  2519 | D:4      | Reached skill level 1 in Shields
  2606 | D:4      | HP: 2/33 [orc priest/nerve-wracking pain (12)]
  2612 | D:4      | HP: 2/33 [orc/+0 dagger (5)]
  2612 | D:4      | Slain by an orc

Illustrated notes

Levels and vault maps discovered:
D:1:      ldierk_walled_garden_2, layout_rooms
D:2:      layout_basic
D:3:      layout_loops_corners, minmay_diced_spiral
D:4:      layout_cave_pods, nemelex_dance_club_becter, cheibriados_altar_1,
          serial_shops, nicolae_shop_overgrown_old_shop,
          minmay_goblin_kobold_house

Skill      XL: |  1  2  3  4  5 |
---------------+----------------+-----
Shapeshifting  | 4 5 |  5.7
Shields        | 1 |  1.5
Fighting       | |  1.0
Dodging        | |  2.0
Unarmed Combat | |  3.0

Action                     |  1- 3 |  4- 6 || total
---------------------------+-------+-------++-------
  Melee: Unarmed           |    69 |    56 ||   125
         Constrict         |    19 |    18 ||    37
         Tentacles         |    10 |    12 ||    22
         Punch             |     1 |     2 ||     3
    Use: Potion            |       |     1 ||     1
   Stab: Sleeping          |     3 |     5 ||     8
 Armour: Skin              |    31 |    25 ||    56
  Dodge: Dodged            |    34 |    14 ||    48
  Block: Kite shield       |     2 |    12 ||    14

Table legend: (Time is in decaauts)
 A = Elapsed time spent in this place.
 B = Non-inter-level travel time spent in this place.
 C = Inter-level travel time spent in this place.
 D = Time resting spent in this place.
 E = Time spent auto-exploring this place.
 F = Levels seen in this place.
 G = Mean time per level.
                   A        B        C        D        E       F      G
               +--------+--------+--------+--------+--------+-----+--------+
         Total |   2617 |   2472 |    145 |      0 |   2110 |   4 |  654.2 |
       Dungeon |   2617 |   2472 |    145 |      0 |   2110 |   4 |  654.2 |
               +--------+--------+--------+--------+--------+-----+--------+

Top non-repeatable levels by time:
     D:3: 1024 daAuts
     D:2: 939 daAuts
     D:1: 501 daAuts
     D:4: 152 daAuts

Levels and vault maps discovered:
D:1:      ldierk_walled_garden_2, layout_rooms
D:2:      layout_basic
D:3:      layout_loops_corners, minmay_diced_spiral
D:4:      layout_cave_pods, nemelex_dance_club_becter, cheibriados_altar_1,
          serial_shops, nicolae_shop_overgrown_old_shop,
          minmay_goblin_kobold_house

Table legend: (Time is in decaauts)
 A = Elapsed time spent in this place.
 B = Non-inter-level travel time spent in this place.
 C = Inter-level travel time spent in this place.
 D = Time resting spent in this place.
 E = Time spent auto-exploring this place.
 F = Levels seen in this place.
 G = Mean time per level.
                   A        B        C        D        E       F      G
               +--------+--------+--------+--------+--------+-----+--------+
         Total |   2617 |   2472 |    145 |      0 |   2110 |   4 |  654.2 |
       Dungeon |   2617 |   2472 |    145 |      0 |   2110 |   4 |  654.2 |
               +--------+--------+--------+--------+--------+-----+--------+

Top non-repeatable levels by time:
     D:3: 1024 daAuts
     D:2: 939 daAuts
     D:1: 501 daAuts
     D:4: 152 daAuts

Table legend:
 A = Kills in this place as a percentage of kills in the entire game.
 B = Kills by you in this place as a percentage of kills by you in the entire game.
 C = Kills by friends in this place as a percentage of kills by friends in the entire game.
 D = Other kills in this place as a percentage of other kills in the entire game.
 E = Experience gained in this place as a percentage of experience gained in the entire game.
 F = Experience gained in this place divided by the number of levels of this place that you have seen.
                   A       B       C       D       E      F
               +-------+-------+-------+-------+-------+----------------------
         Total | 100.0 | 100.0 |   N/A |   N/A | 100.0 |  78.0
       Dungeon | 100.0 | 100.0 |   N/A |   N/A | 100.0 |  78.0
               +-------+-------+-------+-------+-------+----------------------
